 Dungeon Crawl Stone Soup version 0.26-a0-739-gf55cbd344a (webtiles) character file.

Game seed: 11428258167588273574

1533 mattiecakes the Covered (level 8, -1/65 HPs)
             Began as a Barachi Fighter on Nov 5, 2020.
             Slain by a large abomination (23 damage)
             ... on level 1 of the Abyss.
             The game lasted 00:10:06 (6944 turns).

mattiecakes the Covered (Barachi Fighter)           Turns: 6944, Time: 00:10:07

Health: -1/65      AC: 14    Str: 19    XL:     8   Next: 85%
Magic:  8/8        EV:  8    Int: 10    God:
Gold:   303        SH: 11    Dex: 17    Spells: 7/7 levels left

rFire    . . .     SeeInvis .   n - +1 long sword (flame)
rCold    + . .     Faith    .   c - +0 kite shield
rNeg     . . .     Spirit   .   p - +0 chain mail
rPois    .         Reflect  .   (no helmet)
rElec    .         Harm     .   z - +1 cloak {rCorr}
rCorr    +         Rampage  .   t - +0 pair of gloves
MR       .....                  (no boots)
Stlth    ..........             (no amulet)
HPRegen  0.20/turn              k - +6 ring of dexterity
MPRegen  0.11/turn              r - ring of protection from cold

@: about to teleport, marked, can't hop, slow
A: +LOS, swims, slowness 1, strong legs 1
a: Hop


You were on level 1 of the Abyss.
You visited 1 branch of the dungeon, and saw 7 of its levels.
You visited the Abyss 1 time.
You also visited: Sewer.

You collected 303 gold pieces.

Inventory:

Hand Weapons
 n - a +1 long sword of flaming (weapon)
Armour
 c - a +0 kite shield (worn)
 p - a +0 chain mail (worn)
 t - a +0 pair of gloves (worn)
 z - a +1 cloak of preservation (worn)
Jewellery
 k - a +6 ring of dexterity (left hand)
 r - a ring of protection from cold (right hand)
Wands
 g - a wand of iceblast (8)
 l - a wand of random effects (21)
 y - a wand of enslavement (7)
Scrolls
 a - a scroll of identify
 b - a scroll of enchant armour {unknown}
Potions
 f - 2 potions of heal wounds
 h - 2 potions of ambrosia
 i - a potion of curing {unknown}
 m - 3 potions of flight
 s - 2 potions of haste
 u - a potion of resistance {unknown}


   Skills:
 + Level 6.7 Fighting
 + Level 6.2 Long Blades
 + Level 6.8 Armour
 + Level 5.0 Dodging
 + Level 6.2 Shields


You had 7 spell levels left.
You didn't know any spells.
Your spell library was empty.

Dungeon Overview and Level Annotations

Branches:
Dungeon (7/15)              Sewer (visited)
 Temple: D:4-7

Altars:
Fedhas
Gozag
Hepliaklqana
Kikubaaqudgha
Nemelex Xobeh
Ru
Wu Jian

Annotations:
D:7 Harold


Innate Abilities, Weirdness & Mutations

You can be seen from farther away. (+LOS)
You can swim through water.
You cover ground slowly.
You can hop short distances.


Message History

The Executioner gestures.
The Executioner seems to speed up.
You block the ufetubus's attack. The ufetubus barely misses you.
The ynoxinul gestures.
You block the ufetubus's attack.
The ufetubus hits you but does no damage.
As you read the scroll of teleportation, it crumbles to dust.
You feel strangely unstable.
You feel the power of the Abyss delaying your translocation!
You block the Executioner's attack.
The Executioner hits you but does no damage.
The Executioner barely misses you. The large abomination hits you!!
You block the ufetubus's attack.
The ufetubus hits you but does no damage. x2
You block the ufetubus's attack.
The ufetubus hits you but does no damage.
The ufetubus barely misses you. The Executioner gestures at you.
You struggle to resist.
The large abomination hits you!!
You die...

# #55..# .##
#..#..5#..#
. # ###.####
.. ##.....#
# ###3##...#
#.#.###5.#
##.5#...##
#.X55.#.
#.#5@#..##.
###.1....##.
#..#.#.# #
#...###.#
.### .# ..
#.# .. ..
.## ..


You could see an Executioner (fast), a large abomination, a ynoxinul and 5
ufetubi.

Vanquished Creatures
  Grinder (D:3)
  An orc warrior (D:6)
  A centaur (D:6)
  A big kobold (Sewer)
  2 bullfrogs
  2 scorpions
  3 wights (D:6)
  A centaur zombie (D:5)
  3 hounds
  A bullfrog zombie (D:3)
  A centaur skeleton (D:6)
  An orc priest (D:5)
  Jessica (D:3)
  Crazy Yiuf (D:5)
  Natasha (thrice) (D:2)
  Terence (D:2)
  2 iguanas
  3 orc wizards (D:4)
  2 worker ants
  4 adders
  3 river rats
  An ufetubus (D:6)
  An adder skeleton (D:5)
  A worm (D:2)
  A dart slug (D:1)
  3 leopard geckos
  15 orcs
  10 bats
  4 giant cockroaches
  9 goblins
  6 hobgoblins
  12 jackals
  12 kobolds
  5 quokkas
  5 frilled lizards
  A jackal skeleton (D:6)
  A leopard gecko skeleton (D:6)
  2 quokka zombies
  10 rats
137 creatures vanquished.

Vanquished Creatures (others)
  4 fungi (D:5)
  A plant (D:3)
5 creatures vanquished.

Grand Total: 142 creatures vanquished

Notes
Turn   | Place    | Note
-------+----------+-------------------------------------------
     0 | D:1      | mattiecakes the Barachi Fighter began the quest for the
                  | Orb.
     0 | D:1      | Reached XP level 1. HP: 18/18 MP: 1/1
    46 | D:1      | Reached XP level 2. HP: 25/25 MP: 2/2
   208 | D:1      | Reached skill level 1 in Dodging
   271 | D:1      | Reached XP level 3. HP: 30/30 MP: 3/3
   935 | D:2      | Found an ancient bone altar of Kikubaaqudgha.
   937 | D:2      | Found an opulent altar of Gozag.
   938 | D:2      | Found a hazy altar of Hepliaklqana.
  1224 | D:2      | Noticed Terence
  1235 | D:2      | Killed Terence
  1235 | D:2      | Reached XP level 4. HP: 36/37 MP: 4/4
  1424 | D:2      | Noticed Natasha
  1435 | D:2      | Killed Natasha
  1491 | D:2      | Noticed Natasha
  1505 | D:2      | Killed Natasha
  1505 | D:2      | Reached XP level 5. HP: 14/43 MP: 5/5
  1767 | D:2      | Noticed Natasha
  1775 | D:2      | Killed Natasha
  2328 | D:3      | Found a glowing drain.
  2350 | Sewer    | Entered a sewer
  2375 | Sewer    | Reached XP level 6. HP: 26/49 MP: 6/6
  2673 | Sewer    | Found a white marble altar of Elyvilon.
  2720 | D:3      | Noticed Grinder
  2726 | D:3      | Paralysed by Grinder for 2 turns
  2736 | D:3      | Killed Grinder
  2736 | D:3      | Reached skill level 5 in Fighting
  2736 | D:3      | Reached skill level 5 in Armour
  2736 | D:3      | Reached XP level 7. HP: 52/56 MP: 7/7
  2858 | D:3      | Noticed Jessica
  2865 | D:3      | Killed Jessica
  3217 | D:3      | You fall into a shaft and drop 3 floors!
  3294 | D:5      | Entered Level 5 of the Dungeon
  3305 | D:5      | Reached skill level 5 in Shields
  3809 | D:4      | Found a sacrificial altar of Ru.
  4233 | D:3      | Found a sparkling altar of Nemelex Xobeh.
  4284 | D:3      | Reached skill level 5 in Long Blades
  4540 | D:5      | Found a blossoming altar of Fedhas.
  4988 | D:5      | Reached XP level 8. HP: 56/64 MP: 8/8
  5085 | D:5      | Found an ornate altar of the Wu Jian Council.
  5385 | D:5      | Found a runed translucent door.
  5386 | D:5      | Noticed Crazy Yiuf
  5560 | D:5      | Killed Crazy Yiuf
  6667 | D:6      | Upgraded the game from 0.26-a0-737-g4e9f4955e2 to
                  | 0.26-a0-739-gf55cbd344a
  6703 | D:7      | Noticed Harold
  6875 | D:7      | Reached skill level 5 in Dodging
  6904 | D:7      | Cast into level 1 of the Abyss (Harold)
  6916 | Abyss:1  | Noticed a ynoxinul
  6927 | Abyss:1  | Noticed a large abomination
  6941 | Abyss:1  | Noticed an Executioner
  6944 | Abyss:1  | Slain by a large abomination

Illustrated notes

Levels and vault maps discovered:
D:1:      dpeg_arrival_boxorama, layout_rooms, minmay_hedge_maze
D:2:      layout_basic, grunt_temple_overflow_open, uniq_terence, uniq_natasha
D:3:      cheibrodos_old_hovel, layout_loops_cross,
          cheibrodos_sewer_entry_sluice, nemelex_lonely_heart_becter,
          uniq_jessica, uniq_grinder
D:4:      layout_loops_corners, nicolae_ru_sacrificial_ziggurat, wad_orctagon
D:5:      layout_rooms, fedhas_altar_3, marbit_many_paths,
          uniq_crazy_yiuf_cottage
D:6:      layout_loops_corners
D:7:      layout_loops_ring, minmay_temple_entry_drinking_statues,
          nicolae_ossuary_entry_ruins, uniq_harold, uniq_pikel
Abyss:1:  base: D:3, due_exit_kobolds

Skill      XL: |  1  2  3  4  5  6  7  8 |
---------------+-------------------------+-----
Dodging        | 1 2 3 4 5 |  5.0
Armour         | 4 5 6 |  6.8
Fighting       | 4 5 6 |  6.7
Long Blades    | 3 4 5 6 |  6.2
Shields        | 4 5 6 |  6.2

Action                   |  1- 3 |  4- 6 |  7- 9 || total
-------------------------+-------+-------+-------++-------
Melee: Long sword        |   130 |   115 |   288 ||   533
 Abil: Hop               |       |     1 |     1 ||     2
  Use: Potion            |       |     2 |     4 ||     6
       Scroll            |       |       |    15 ||    15
Armor: Scale mail        |    54 |    42 |     3 ||    99
       Chain mail        |       |       |   132 ||   132
Dodge: Dodged            |    45 |    34 |    78 ||   157
Block: Kite shield       |    81 |    72 |   168 ||   321
       Rpst.: Long sword |    19 |    17 |    25 ||    61

Table legend: (Time is in decaauts)
 A = Elapsed time spent in this place.
 B = Non-inter-level travel time spent in this place.
 C = Inter-level travel time spent in this place.
 D = Time resting spent in this place.
 E = Time spent auto-exploring this place.
 F = Levels seen in this place.
 G = Mean time per level.
                   A        B        C        D        E       F      G
               +--------+--------+--------+--------+--------+-----+--------+
         Total |   7908 |   7563 |    345 |   1039 |   5166 |   9 |  878.7 |
       Dungeon |   7463 |   7118 |    345 |    896 |   5016 |   7 | 1066.1 |
         Abyss |     44 |     44 |      0 |     12 |      0 |   1 |   44.0 |
         Sewer |    401 |    401 |      0 |    131 |    149 |   1 |  401.0 |
               +--------+--------+--------+--------+--------+-----+--------+

Top non-repeatable levels by time:
     D:2: 1511 daAuts
     D:6: 1462 daAuts
     D:3: 1244 daAuts
     D:4: 1183 daAuts
     D:5: 1039 daAuts
     D:1: 940 daAuts
   Sewer: 401 daAuts
     D:7: 81 daAuts
 Abyss:1: 44 daAuts
